 Dungeon Crawl Stone Soup version 0.21.1-1-g345015f (webtiles) character file.

114 inc the Scratcher (level 4, 21/21 HPs)
             Began as a Felid Chaos Knight on Mar 12, 2018.
             Quit the game on level 4 of the Dungeon.
             The game lasted 00:05:01 (2817 turns).

inc the Scratcher (Felid Chaos Knight)              Turns: 2817, Time: 00:05:01

Health: 21/21      AC:  1    Str:  8    XL:     4   Next: 67%
Magic:  5/5        EV: 18    Int:  9    God:    Xom [..*...]
Gold:   198        SH:  0    Dex: 16    Spells: 3/3 levels left
                                        Lives:  0   Deaths: 1

rFire    . . .     SeeInvis +     - Unarmed
rCold    + + .     Gourm    .   (shield unavailable)
rNeg     . . .     Faith    +   (armour unavailable)
rPois    +         Spirit   .   (helmet unavailable)
rElec    .         Reflect  .   (cloak unavailable)
rCorr    .         Harm     .   (gloves unavailable)
MR       .....                  (boots unavailable)
Stlth    ++........             h - amulet of Inak Kuro {Faith +Blink rPois rC++ Int-5}
HPRegen  0.07/turn              (no ring)
MPRegen  0.09/turn              (no ring)

@: berserk cooldown, slowed, slow
A: very small, no armour, no weapons or thrown items, stealth, claws 1, fangs 3,
see invisible, carnivore, speed 1, shaggy fur 1, slow metabolism 1, MP-powered
wands, sharp paws
a: Renounce Religion, Evoke Blink


You were on level 4 of the Dungeon.
You worshipped Xom.
You were a toy of Xom.
You were not hungry.

You visited 1 branch of the dungeon, and saw 4 of its levels.

You collected 198 gold pieces.

Inventory:

Jewellery
 h - the amulet of Inak Kuro (around neck) {Faith +Blink rPois rC++ Int-5}
   (Xom gifted it to you on level 3 of the Dungeon)

   [amulet of faith]

   It allows you to gain divine favour quickly.
   It affects your intelligence (-5).
   It greatly protects you from cold.
   It protects you from poison.
   It lets you blink.
Scrolls
 b - 2 scrolls of magic mapping
 c - a scroll of enchant armour {unknown}
 d - 2 scrolls of identify
 e - 3 scrolls of random uselessness
 f - 3 scrolls of remove curse {unknown}
Comestibles
 a - 6 rations


   Skills:
 - Level 3.0 Fighting
 - Level 3.2 Dodging
 + Level 6.5 Unarmed Combat


You had 3 spell levels left.
You didn't know any spells.

Dungeon Overview and Level Annotations

Branches:
Dungeon (4/15)
 Temple: D:4-7

Altars:
Elyvilon

Annotations:
D:2 Sigmund


Innate Abilities, Weirdness & Mutations

You cannot wear armour.
You are incapable of wielding weapons or throwing items.
Your paws allow you to move quietly. (Stealth)
You have sharp claws.
You have razor-sharp teeth.
You have supernaturally acute eyesight. (SInv)
You are carnivorous and can eat meat at any time.
You cover ground quickly.
You are covered in fur. (AC +1)
You have a slow metabolism.
Your sharp claws are effective at attacking unaware monsters.
You expend magic power (3 MP) to strengthen your wands.


Message History

The orc priest invokes the aid of Beogh against you.
Beogh smites you!
You die...
Xom is highly amused!
You are now level 4!
Xom thinks this is hilarious!
You rejoin the land of the living...
It was a potion of berserk rage.
A red film seems to cover your vision as you go berserk!
You feel yourself moving faster!
You feel mighty!
You are too berserk!
You feel a strong urge to attack something.
You feel your anger nearly subside.
You are no longer berserk.
You are exhausted.
You feel yourself slow down.
It was a potion of ambrosia.
You are confused.
You feel invigorated.
It was a potion of curing.
You feel better.
You feel less invigorated.
Are you sure you want to abandon this character and quit the game? (Confirm with "yes".)

.. ............+ #.
.............#### ##..
#...#.....#.....# ....
....'.........>.# #..
#.#.#.....#.###.#
#.######'#'#+###.#.#.#.#
#..#.............#...#.#
#.<.............###.#.#
#.......@.............#
######..................###
+.....................###
######.............##.#
##.#######+#####.# #..# #.#
##.# #.# .. #
#.######+#####.# .....
#..............#


There were no monsters in sight!

Vanquished Creatures
  An orc priest (D:4)
  3 orc wizards (D:3)
  2 adders
  2 worms (D:3)
  2 dart slugs
  4 leopard geckos
  4 orcs
  3 ball pythons
  4 giant cockroaches (D:3)
  5 goblins
  9 hobgoblins
  4 jackals
  7 bats
  8 frilled lizards
  7 kobolds
  8 rats
73 creatures vanquished.

Vanquished Creatures (collateral kills)
  An adder (D:3)
  2 orcs (D:3)
3 creatures vanquished.

Grand Total: 76 creatures vanquished

Notes
Turn   | Place    | Note
-------+----------+-------------------------------------------
     0 | D:1      | inc the Felid Chaos Knight began the quest for the Orb.
     0 | D:1      | Reached XP level 1. HP: 10/10 MP: 2/2
    71 | D:1      | XOM: divination: detect creatures
   192 | D:1      | XOM: harmless Air miscast
   219 | D:1      | XOM is BORED!
   219 | D:1      | XOM: give mutations
   219 | D:1      | Gained mutation: You are weak. (Str -2) [Xom's mischief]
   219 | D:1      | Gained mutation: You expend magic power (3 MP) to strengthen your wands. [Xom's mischief]
   219 | D:1      | Lost mutation: You are weak. (Str -2) [Xom's mischief]
   255 | D:1      | Reached XP level 2. HP: 11/14 MP: 3/3
   473 | D:1      | XOM: noise
   531 | D:1      | Reached skill level 4 in Unarmed Combat
   651 | D:1      | XOM: god gift: embroidered cloak {god gift}
   841 | D:2      | XOM: smoke on damage
   869 | D:2      | Reached XP level 3. HP: 13/17 MP: 4/4
  1152 | D:2      | XOM: fake destruction
  1323 | D:2      | Noticed Sigmund
  1389 | D:3      | XOM: god gift: translucent steel amulet {god gift}
  1393 | D:3      | Got a translucent steel amulet {god gift}
  1440 | D:3      | Identified the amulet of Inak Kuro {Faith +Blink rPois rC++ Int-5} (Xom gifted it to you on level 3 of the Dungeon)
  1510 | D:3      | XOM: confusion (+ monsters)
  1531 | D:3      | XOM: summons friendly iron imp
  1537 | D:3      | Reached skill level 5 in Unarmed Combat
  1537 | D:3      | Reached XP level 4. HP: 2/21 MP: 5/5
  1555 | D:3      | Found a white marble altar of Elyvilon.
  1558 | D:3      | XOM: enchant monster (good)
  1830 | D:3      | Reached XP level 5. HP: 19/24 MP: 6/6
  1970 | D:3      | XOM: cloud trail
  1974 | D:3      | XOM: harmless Hex miscast
  2031 | D:3      | XOM: silly message
  2292 | D:3      | Reached skill level 6 in Unarmed Combat
  2417 | D:3      | XOM: noise
  2427 | D:3      | XOM: harmless Air miscast
  2618 | D:3      | XOM: mild Air miscast
  2702 | D:4      | XOM: stealth player
  2735 | D:4      | XOM: scenery: 1 doors open
  2803 | D:4      | XOM: butterfly on damage
  2807 | D:4      | Killed from afar by an orc priest
  2808 | D:4      | Reached XP level 4. HP: -7/21 MP: 5/5
  2817 | D:4      | Quit the game

Skill      XL: |  1  2  3  4  5 |
---------------+----------------+-----
Unarmed Combat | 4 5 6 |  6.5
Fighting       | |  3.0
Dodging        | |  3.2

Action                   |  1- 3 |  4- 6 || total
-------------------------+-------+-------++-------
Melee: Unarmed           |   113 |    68 ||   181
       Bite              |     7 |     3 ||    10
       Punch             |     1 |     1 ||     2
  Use: Scroll            |     3 |       ||     3
       Potion            |     1 |     5 ||     6
 Stab: Sleeping          |     5 |     3 ||     8
       Petrified         |       |     2 ||     2
  Eat: Chunk             |     4 |     1 ||     5
Armor: Skin              |     6 |     1 ||     7
Dodge: Dodged            |   102 |    29 ||   131
